 Dungeon Crawl Stone Soup version 0.23.2-30-g0e89c35649 (webtiles) character file.

Game seed: 14916966275609875503

849 simbs38 the Cleaver (level 7, -4/60 HPs)
             Began as a Minotaur Berserker on Apr 22, 2019.
             Was an Elder of Trog.
             Slain by a gnoll
             ... wielding a +2 whip of distortion
              (5 damage)
             ... on level 6 of the Dungeon on June 13, 2019.
             The game lasted 00:42:08 (5477 turns).

simbs38 the Cleaver (Minotaur Berserker)            Turns: 5477, Time: 00:42:09

Health: -4/60      AC:  8    Str: 23    XL:     7   Next: 69%
Magic:  6/6        EV:  8    Int:  4    God:    Trog [****..]
Gold:   59         SH:  0    Dex: 10    Spells: 6/6 levels left

rFire    . . .     SeeInvis .   Y - +4 hand axe
rCold    . . .     Gourm    .   (no shield)
rNeg     . . .     Faith    .   e - +0 chain mail
rPois    .         Spirit   .   (helmet restricted)
rElec    .         Reflect  .   (no cloak)
rCorr    .         Harm     .   (no gloves)
MR       .....                  (no boots)
Stlth    ..........             (no amulet)
HPRegen  0.20/turn              (no ring)
MPRegen  0.10/turn              (no ring)

@: fainting
A: retaliatory headbutt, horns 2
a: Berserk, Trog's Hand, Brothers in Arms, Renounce Religion


You were on level 6 of the Dungeon.
You worshipped Trog.
Trog was greatly pleased with you.
You were fainting.

You visited 1 branch of the dungeon, and saw 6 of its levels.

You collected 189 gold pieces.
You spent 130 gold pieces at shops.


Innate Abilities, Weirdness & Mutations

You reflexively headbutt those who attack you in melee.
You have a pair of horns on your head.


   Skills:
 - Level 4.3 Fighting
 + Level 10.6 Axes
 - Level 2.4 Armour
 - Level 2.2 Dodging


You had 6 spell levels left.
You didn't know any spells.
Your spell library was empty.

Inventory:

Hand Weapons
 h - a +0 whip
 Y - a +4 hand axe (weapon)
Missiles
 d - 5 javelins of returning (quivered)
Armour
 e - a +0 chain mail (worn)
 i - a +1 ring mail of fire resistance
Jewellery
 a - an uncursed ring of protection from magic {unknown}
Scrolls
 f - 2 scrolls of enchant armour
Potions
 b - a potion of curing {unknown}
 g - a potion of degeneration {unknown}
 j - a potion of mutation {unknown}
 k - a potion of agility {unknown}
 m - a potion of brilliance {unknown}
Comestibles
 c - 8 rations

Dungeon Overview and Level Annotations

Branches:
Dungeon (6/15)
 Temple: D:4-7

Altars:
Sif Muna
Vehumet

Shops:
D:5 %


Message History

The gnoll hits you from afar with a +0 spear.
The gnoll hits you but does no damage.
You can move again.
You see here 7 arrows.
The gnoll closely misses you. You furiously retaliate!
You headbutt the gnoll.
The centaur shoots an arrow.
The arrow hits you.
You hear a shout!
You see here an arrow.
You hit the gnoll but do no damage. Your headbutt misses the gnoll.
The gnoll is heavily wounded.
The gnoll barely misses you.
You hit the gnoll.
The gnoll is severely wounded.
The gnoll hits you but does no damage. x2; Space bends around you.
A gnoll comes into view. It is wielding a +0 halberd.
You barely miss the gnoll.
The gnoll is severely wounded.
The gnoll hits you but does no damage.
The gnoll hits you with a +2 whip of distortion.
You die...

.... # #.. ###
#._#.g# ###....
.......#.......
.#####.(.#
......cg## .
.######g# ##.
#g# ... #@###.#
#[.#..# ##...#
###..## #..?##
#..#..# #####.#
##.#######
####.........


You could see a centaur and 4 gnolls.

Vanquished Creatures
  A phantom (D:6)
  A sky beast (D:5)
  A crimson imp (D:5)
  A gnoll shaman (D:4)
  A bullfrog skeleton (D:3)
  6 orc wizards
  4 worker ants
  8 gnolls
  10 adders
  A shadow imp (D:5)
  An adder zombie (D:5)
  2 worms
  3 dart slugs (D:3)
  6 leopard geckos
  15 orcs
  10 bats
  5 giant cockroaches
  12 goblins
  10 hobgoblins
  9 jackals
  A quokka (D:6)
  A ball python (D:3)
  3 frilled lizards
  7 kobolds
  5 rats
124 creatures vanquished.

Notes
Turn   | Place    | Note
-------+----------+-------------------------------------------
     0 | D:1      | simbs38 the Minotaur Berserker began the quest for the Orb.
     0 | D:1      | Reached XP level 1. HP: 19/19 MP: 0/0
   193 | D:1      | Reached skill level 4 in Axes
   215 | D:1      | Reached XP level 2. HP: 27/27 MP: 1/1
   349 | D:1      | 349 ||| DROPPING +0 club.
   833 | D:1      | Reached ** piety under Trog
   833 | D:1      | Reached skill level 5 in Axes
   881 | D:1      | 881 ||| UPGRADING to chain mail.
   891 | D:1      | 891 ||| DROPPING +0 animal skin.
   892 | D:1      | 892 ||| READING scroll labeled LAUSAD GIPS.
   893 | D:1      | 893 ||| READING scroll labeled LATOUSMU MYUF.
   894 | D:1      | 894 ||| READING 3 scrolls labeled MUV RIB MAUMN.
   895 | D:1      | 895 ||| READING 2 scrolls of enchant weapon.
   895 | D:1      | 895 ||| ENCHANTING +1 hand axe.
   896 | D:1      | 896 ||| READING scroll of enchant weapon.
   896 | D:1      | 896 ||| ENCHANTING +2 hand axe.
   897 | D:1      | 897 ||| READING scroll labeled ZUXOJOBBUE.
   947 | D:2      | Reached XP level 3. HP: 27/33 MP: 2/2
  1200 | D:2      | 1200 ||| INVOKING Berserk.
  1299 | D:2      | Reached XP level 4. HP: 40/40 MP: 3/3
  1577 | D:2      | 1577 ||| READING scroll of enchant weapon.
  1577 | D:2      | 1577 ||| ENCHANTING +3 hand axe.
  1597 | D:2      | Found a deep blue altar of Sif Muna.
  1626 | D:2      | Reached skill level 6 in Axes
  1771 | D:2      | 1771 ||| READING scroll labeled DONOPH PEAB.
  2182 | D:3      | Reached XP level 5. HP: 46/46 MP: 4/4
  2291 | D:3      | Reached *** piety under Trog
  2297 | D:3      | Reached skill level 7 in Axes
  2959 | D:3      | 2959 ||| READING 2 scrolls labeled CALUN WEDE.
  2960 | D:3      | 2960 ||| READING scroll labeled CEOPAPN CO BUEH.
  2961 | D:3      | 2961 ||| DRINKING 3 bubbling yellow potions.
  2968 | D:3      | 2968 ||| DROPPING 2 potions of ambrosia.
  3035 | D:4      | 3035 ||| INVOKING Berserk.
  3097 | D:4      | Reached XP level 6. HP: 50/53 MP: 5/5
  3100 | D:4      | 3100 ||| INVOKING Berserk.
  3109 | D:4      | Reached skill level 8 in Axes
  3208 | D:4      | 3208 ||| INVOKING Berserk.
  3421 | D:4      | beemSimbs38: I am beemSimbs38. For help, type: !beemSimbs38
  3425 | D:4      | simbs38: HELLO
  3455 | D:4      | beemSimbs38: I am beemSimbs38. For help, type: !beemSimbs38
  3455 | D:4      | beemSimbs38: I am beemSimbs38. For help, type: !beemSimbs38
  3455 | D:4      | beemSimbs38: I am beemSimbs38. For help, type: !beemSimbs38
  3455 | D:4      | beemSimbs38: I am beemSimbs38. For help, type: !beemSimbs38
  3455 | D:4      | beemSimbs38: I am beemSimbs38. For help, type: !beemSimbs38
  3455 | D:4      | beemSimbs38: I am beemSimbs38. For help, type: !beemSimbs38
  3455 | D:4      | beemSimbs38: I am beemSimbs38. For help, type: !beemSimbs38
  3455 | D:4      | beemSimbs38: I am beemSimbs38. For help, type: !beemSimbs38
  3455 | D:4      | beemSimbs38: I am beemSimbs38. For help, type: !beemSimbs38
  3455 | D:4      | beemSimbs38: I am beemSimbs38. For help, type: !beemSimbs38
  3457 | D:4      | beemSimbs38: I am beemSimbs38. For help, type: !beemSimbs38
  3457 | D:4      | beemSimbs38: I am beemSimbs38. For help, type: !beemSimbs38
  3498 | D:4      | beemSimbs38: I am beemSimbs38. For help, type: !beemSimbs38
  3498 | D:4      | beemSimbs38: I am beemSimbs38. For help, type: !beemSimbs38
  3511 | D:4      | beemSimbs38: I am beemSimbs38. For help, type: !beemSimbs38
  3511 | D:4      | beemSimbs38: I am beemSimbs38. For help, type: !beemSimbs38
  3565 | D:5      | Entered Level 5 of the Dungeon
  3596 | D:5      | Reached **** piety under Trog
  3618 | D:5      | Reached skill level 9 in Axes
  3628 | D:5      | beemSimbs38: I am beemSimbs38. For help, type: !beemSimbs38
  3631 | D:5      | beemSimbs38: I am beemSimbs38. For help, type: !beemSimbs38
  3634 | D:5      | Noticed a sky beast
  3635 | D:5      | beemSimbs38: I am beemSimbs38. For help, type: !beemSimbs38
  3637 | D:5      | beemSimbs38: I am beemSimbs38. For help, type: !beemSimbs38
  3645 | D:5      | Reached XP level 7. HP: 44/60 MP: 6/6
  3650 | D:5      | beemSimbs38: I am beemSimbs38. For help, type: !beemSimbs38
  3651 | D:5      | beemSimbs38: I am beemSimbs38. For help, type: !beemSimbs38
  3654 | D:5      | beemSimbs38: I am beemSimbs38. For help, type: !beemSimbs38
  3654 | D:5      | beemSimbs38: I am beemSimbs38. For help, type: !beemSimbs38
  3656 | D:5      | beemSimbs38: I am beemSimbs38. For help, type: !beemSimbs38
  3663 | D:5      | beemSimbs38: I am beemSimbs38. For help, type: !beemSimbs38
  3663 | D:5      | beemSimbs38: I am beemSimbs38. For help, type: !beemSimbs38
  3681 | D:5      | beemSimbs38: I am beemSimbs38. For help, type: !beemSimbs38
  3715 | D:5      | beemSimbs38: I am beemSimbs38. For help, type: !beemSimbs38
  3718 | D:5      | beemSimbs38: I am beemSimbs38. For help, type: !beemSimbs38
  3840 | D:5      | Found Fophos's Food Emporium.
  3848 | D:5      | Reached skill level 10 in Axes
  3900 | D:5      | Upgraded the game from 0.23.2-1-ga50397a to
                  | 0.23.2-30-g0e89c35649
  3900 | D:5      | beemSimbs38: I am beemSimbs38. For help, type: !beemSimbs38
  3947 | D:5      | beemSimbs38: I am beemSimbs38. For help, type: !beemSimbs38
  4012 | D:5      | Bought a ration for 65 gold pieces
  4012 | D:5      | Bought a ration for 65 gold pieces
  4024 | D:5      | meem: I am meem, an upgrade of beem built by MalcolmRose
                  | (check out Malcolm's DCSS vids and other projects at
                  | http://youtube.com/malcolmrosegaming). To have me follow
                  | you in your games, type !subscribemeem - to make me go away
                  | forever, type !quitmeem - For help, type: !meem
  5313 | D:5      | beemSimbs38: I am beemSimbs38. For help, type: !beemSimbs38
  5313 | D:5      | beemSimbs38: I am beemSimbs38. For help, type: !beemSimbs38
  5313 | D:5      | beemSimbs38: I am beemSimbs38. For help, type: !beemSimbs38
  5313 | D:5      | beemSimbs38: I am beemSimbs38. For help, type: !beemSimbs38
  5313 | D:5      | beemSimbs38: I am beemSimbs38. For help, type: !beemSimbs38
  5313 | D:5      | beemSimbs38: I am beemSimbs38. For help, type: !beemSimbs38
  5313 | D:5      | beemSimbs38: I am beemSimbs38. For help, type: !beemSimbs38
  5313 | D:5      | beemSimbs38: I am beemSimbs38. For help, type: !beemSimbs38
  5313 | D:5      | beemSimbs38: I am beemSimbs38. For help, type: !beemSimbs38
  5313 | D:5      | beemSimbs38: I am beemSimbs38. For help, type: !beemSimbs38
  5313 | D:5      | beemSimbs38: I am beemSimbs38. For help, type: !beemSimbs38
  5313 | D:5      | beemSimbs38: I am beemSimbs38. For help, type: !beemSimbs38
  5313 | D:5      | beemSimbs38: I am beemSimbs38. For help, type: !beemSimbs38
  5313 | D:5      | beemSimbs38: I am beemSimbs38. For help, type: !beemSimbs38
  5388 | D:6      | beemSimbs38: I am beemSimbs38. For help, type: !beemSimbs38
  5388 | D:6      | beemSimbs38: I am beemSimbs38. For help, type: !beemSimbs38
  5388 | D:6      | beemSimbs38: I am beemSimbs38. For help, type: !beemSimbs38
  5388 | D:6      | beemSimbs38: I am beemSimbs38. For help, type: !beemSimbs38
  5391 | D:6      | beemSimbs38: I am beemSimbs38. For help, type: !beemSimbs38
  5394 | D:6      | beemSimbs38: I am beemSimbs38. For help, type: !beemSimbs38
  5394 | D:6      | beemSimbs38: I am beemSimbs38. For help, type: !beemSimbs38
  5394 | D:6      | beemSimbs38: I am beemSimbs38. For help, type: !beemSimbs38
  5414 | D:5      | beemSimbs38: I am beemSimbs38. For help, type: !beemSimbs38
  5441 | D:6      | beemSimbs38: I am beemSimbs38. For help, type: !beemSimbs38
  5442 | D:6      | beemSimbs38: I am beemSimbs38. For help, type: !beemSimbs38
  5442 | D:6      | beemSimbs38: I am beemSimbs38. For help, type: !beemSimbs38
  5445 | D:6      | Paralysed by fainting for 12 turns
  5461 | D:6      | Found a radiant altar of Vehumet.
  5461 | D:6      | Paralysed by fainting for 10 turns
  5470 | D:6      | HP: 11/60 [gnoll/+0 spear (6)]
  5476 | D:6      | HP: 1/60 [gnoll/+2 whip of distortion (7)]
  5477 | D:6      | Slain by a gnoll

Levels and vault maps discovered:
D:1:      dpeg_arrival_stonehenge_8_columns, layout_basic,
          chequers_serial_rivers_small_a
D:2:      layout_basic, led_sif_pool, minmay_pentomino_w4
D:3:      minmay_spotlight, layout_loops_ring, first_ration, minmay_quantized
D:4:      layout_basic, marbit_many_paths, hangedman_ru_absence
D:5:      layout_basic, serial_shops, shop_fountains, guppyfry_shop_venom
D:6:      layout_rooms, overflow_temple_1_default, minmay_temple_entry_fiery

Skill      XL: |  1  2  3  4  5  6  7 |
---------------+----------------------+-----
Axes           | 4 5 6 7 9 10 | 10.6
Fighting       | 4 |  4.3
Armour         | |  2.4
Dodging        | |  2.2

Action                   |  1- 3 |  4- 6 |  7- 9 || total
-------------------------+-------+-------+-------++-------
Melee: Hand axe          |    59 |   142 |    56 ||   257
       Headbutt          |     7 |    16 |     7 ||    30
Throw: Javelin           |       |    24 |       ||    24
Invok: Berserk           |     1 |     4 |       ||     5
  Use: Scroll            |     6 |     4 |       ||    10
       Potion            |       |     1 |       ||     1
 Stab: Distracted        |       |     1 |       ||     1
  Eat: Chunk             |     2 |    11 |       ||    13
       Ration            |       |       |     1 ||     1
Armor: Animal skin       |     4 |       |       ||     4
       Chain mail        |    12 |    60 |    34 ||   106
Dodge: Dodged            |    39 |    49 |    17 ||   105

Table legend:
 A = Non-vault XP
 B = Vault XP
 C = Vault XP percentage of total XP
 D = Non-vault monster count
 E = Vault monster count
 F = Vault count percentage of total count
                 A         B        C        D         E       F
            +---------+---------+-------+---------+---------+-------
      Total |    1179 |      35 |   2.9 |     112 |      12 |   9.7
            +---------+---------+-------+---------+---------+-------
        D:1 |      40 |       0 |   0.0 |      22 |       0 |   0.0
        D:2 |      65 |       6 |   8.5 |      14 |       4 |  22.2
        D:3 |     168 |      29 |  14.7 |      39 |       8 |  17.0
        D:4 |     264 |       0 |   0.0 |      12 |       0 |   0.0
        D:5 |     501 |       0 |   0.0 |      21 |       0 |   0.0
        D:6 |     141 |       0 |   0.0 |       4 |       0 |   0.0
            +---------+---------+-------+---------+---------+-------
